 Dungeon Sprint DCSS version 0.20-b1 (webtiles) character file.

397575 potatolord6000 the Conqueror (level 21, -4/163 HPs)
             Began as a Gargoyle Fighter on May 19, 2017.
             Was an Initiate of Gozag.
             Splashed by an acid blob's acid (13 damage)
             ... in the Dungeon (Sprint IX: "|||||||||||||||||||||||||||||").
             The game lasted 00:40:03 (8169 turns).

potatolord6000 the Conqueror (Gargoyle Fighter)     Turns: 8169, Time: 00:40:04

Health: -4/163     AC: 56    Str: 36    XL:     21   Next: 43%
Magic:  41/41      EV: 33    Int: 12    God:    Gozag
Gold:   3550       SH: 37    Dex: 23    Spells: 52/52 levels left

rFire    + . .     SeeInvis +   n - +7 morningstar (protect)
rCold    . . .     Gourm    .   o - +2 large shield {reflect}
rNeg     + + .     Faith    .   x - +6 chain mail of Sovereignty {rN+ Dex+6 Slay+5 Stlth-}
rPois    ∞         Spirit   .   H - +5 hat "Houcaf" {Str+3 Dex+4}
rElec    +         Reflect  +   w - +2 cloak "Reaqa" {*Contam rPois Str+4}
rCorr    .         Harm     .   a - +0 pair of gloves
MR       ++...     Clarity  +   G - +2 pair of boots of the Assassin {Detection Stab+ Stlth++} Stlth +++.......NoTele +
                                t - amulet "Myluh" {Reflect rF+ SH+5}
Regen    0.4/turn               s - ring "Wyxtomur" {+Fly MR+ Dex+4 Slay+3}
MPRegen  0.3/turn               f - +6 ring of protection

@: corroded, flying
A: big wings, see invisible, clarity, clever 1, negative energy resistance 1,
electricity resistance, unbreathing, evolution 1, petrification resistance, rot
immunity, AC +15
0: Orb of Zot
}: 6/15 runes: decaying, serpentine, barnacled, elven, silver, gossamer
a: Stop Flying, Potion Petition, Call Merchant, Bribe Branch, Renounce Religion


You were in the Dungeon.
You worshipped Gozag.
Gozag was most pleased with you.
You were full.

You visited 1 branch You collected 45101 gold pieces.
You spent 7893 gold pieces at shops.
You paid 33658 gold pieces to Gozag.

Inventory:

Hand Weapons
 n - a +7 morningstar of protection (weapon)
Armour
 a - a +0 pair of gloves (worn)
 o - a +2 large shield of reflection (worn)
 w - the +2 cloak "Reaqa" (worn) {*Contam rPois Str+4}
   (You bought it in a shop in the Dungeon)

   It affects your strength (+4).
   It protects you from poison.
   It causes magical contamination when unequipped.
 x - the +6 chain mail of Sovereignty (worn) {rN+ Dex+6 Slay+5 Stlth-}
   (You bought it in a shop in the Dungeon)

   It affects your dexterity (+6).
   It affects your accuracy and damage with ranged weapons and melee attacks
   (+5).
   It protects you from negative energy.
   It makes you less stealthy.
 G - the +2 pair of boots of the Assassin (worn) {Detection Stab+ Stlth++}
   (You bought it in a shop in the Dungeon)

   It makes you much more stealthy.
 H - the +5 hat "Houcaf" (worn) {Str+3 Dex+4}
   (You bought it in a shop in the Dungeon)

   It affects your strength (+3).
   It affects your dexterity (+4).
Jewellery
 f - a +6 ring of protection (right hand)
 s - the ring "Wyxtomur" (left hand) {+Fly MR+ Dex+4 Slay+3}
   (You bought it in a shop in the Dungeon)

   [ring of flight]

   It affects your dexterity (+4).
   It affects your accuracy and damage with ranged weapons and melee attacks
   (+3).
   It affects your resistance to hostile enchantments.
   It lets you fly.
 t - the amulet "Myluh" (around neck) {Reflect rF+ SH+5}
   (You bought it in a shop in the Dungeon)

   [amulet of reflection]

   It shields you and reflects attacks.
   It protects you from fire.
   It affects your SH (+5).
Scrolls
 k - 6 scrolls of blinking
 l - 5 scrolls of remove curse
 m - 2 scrolls of amnesia
 r - 7 scrolls of identify
 y - 3 scrolls of recharging
 A - 5 scrolls of fear
 B - a scroll of fog
Potions
 c - 2 potions of might
 d - 2 potions of flight
 e - 10 potions of curing
 g - a potion of invisibility
 i - 4 potions of magic
 j - 2 potions of brilliance
 v - a potion of lignification {unknown}
 D - a potion of berserk rage
 E - 7 potions of haste
Comestibles
 b - 40 fruits
 q - 12 bread rations
 u - 8 meat rations
 F - a royal jelly


   Skills:
 O Level 27 Fighting
 O Level 27 Maces & Flails
 + Level 16.3 Throwing
 O Level 27 Armour
 O Level 27 Dodging
 O Level 27 Stealth
 O Level 27 Shields
 + Level 17.5 Unarmed Combat
 + Level 16.3 Spellcasting
 + Level 16.3 Evocations


You had 52 spell levels left.
You didn't know any spells.

Dungeon Overview and Level Annotations

Branches:
Dungeon (1/1)

Altars:
Cheibriados
Dithmenos
Elyvilon
Fedhas
Gozag
Hepliaklqana
Kikubaaqudgha
Makhleb
Nemelex Xobeh
Okawaru
Qazlal
Ru
Sif Muna
Trog
Uskayaw
Vehumet
Xom
Yredelemnul
Zin
The Shining One
Beogh
Jiyva
Lugonu

Shops:
D !?[[(([?[[[[?=((*(=(([

Annotations:
D Royal Jelly


Innate Abilities, Weirdness & Mutations

You are resistant to torment.
Your stone body is resilient. (AC +15)
You are immune to poison.
Your large and strong wings let you fly indefinitely.
You resist negative energy. (rN+)
You are resistant to electric shocks. (rElec)
You can survive without breathing.
You are immune to petrification.
You are immune to rotting.
You have supernaturally acute eyesight. (SInv)
You possess an exceptional clarity of mind.
Your mind is acute. (Int +2)
You evolve.


Message History

a dagger; a robe The acid blob spits acid at you.
The splash of acid hits you!
You are splashed with acid!
The acid burns!
* * * LOW HITPOINT WARNING * * *
Things that are here:
a dagger; a robe
Things that are here:
a dagger; a robe
Items here: )) [[ a dagger; a robe; a dagger; a robe The acid blob spits acid at you.
The splash of acid hits you! The acid corrodes you!
You are splashed with acid!
The acid burns!
* * * LOW HITPOINT WARNING * * *
The acid blob spits acid at you. The splash of acid hits you!
* * * LOW HITPOINT WARNING * * *
You are splashed with acid!
The acid burns!
You die...
Your body crumbles into a pile of gold.

,,,,,,,,,,,,,,,,,,,,,,,,,,,,,,,,,
*********************************
,,,,,,,,,,,,,,,,,,,,,,,,,,,,,,,,,
*********************************
{{{{+{{{{{{{{{{+{{{{{{{{{{{{+,,,,
*********************************
,,,,,,,,,,,,,,,,,,,,,{,,,,,,{,,,,
▓▓▓▓▓▓▓♣♣♣♣♣♣♣♣♣♣♣♣▓▓▓▓▓▓▓▓▓▓▓▓▓▓
)))).)$...J)).))@.).......).))').
▓▓▓▓▓▓▓♣♣♣♣♣♣♣♣♣♣♣♣▓▓▓▓▓▓▓▓▓▓▓▓▓▓
..........{{{{{{.................
▓▓▓▓▓▓▓▓▓▓▓▓▓▓▓▓▓▓▓▓▓▓▓▓▓▓▓▓▓▓▓▓▓
'.')'...∩.)).'...{......'∩.......
▓▓▓▓▓▓▓▓▓▓▓▓▓▓▓▓▓▓▓▓▓▓▓▓▓▓▓▓▓▓▓▓▓
.....{........{..................
▓▓▓▓▓▓▓▓▓▓▓▓▓▓▓▓▓▓▓▓▓▓▓▓▓▓▓▓▓▓▓▓▓
......)'....))∩.).))'......)[.'..


You could see an acid blob.

Vanquished Creatures
  5 ancient liches (D)
  2 orbs of fire (D)
  A pandemonium lord (D)
  Sojobo (D)
  A Killer Klown (D)
  Frederick (D)
  Boris (D)
  Xtahua (D)
  Saint Roka (D)
  5 golden dragons (D)
  Nikola (D)
  2 bone dragons (D)
  Rupert (D)
  2 electric golems (D)
  2 tentacled monstrosities (D)
  26 Orb Guardians (D)
  A quicksilver dragon (D)
  A titan (D)
  2 deep elf blademasters (D)
  An Ice Fiend (D)
  2 acid blobs (D)
  2 death cobs (D)
  Agnes (D)
  7 shadow dragons (D)
  2 thorn hunters (D)
  3 storm dragons (D)
  A draconian monk (D)
  3 tengu reavers (D)
  3 azure jellies (D)
  Ilsuiw (D)
  A fire giant (D)
  5 nagarajas (D)
  2 draconian knights (D)
  4 frost giants (D)
  6 ghost moths (D)
  2 vault wardens (D)
  2 draconian scorchers (D)
  5 emperor scorpions (D)
  A draconian stormcaller (D)
  Louise (D)
  A draconian shifter (D)
  A deep elf sorcerer (D)
  Aizul (D)
  2 draconian annihilators (D)
  An entropy weaver (D)
  4 very ugly things (D)
  5 ironheart preservers (D)
  10 vampire knights (D)
  3 stone giants (D)
  4 green draconians (D)
  2 black draconians (D)
  5 deep elf demonologists (D)
  4 yellow draconians (D)
  Azrael (D)
  2 purple draconians (D)
  3 white draconians (D)
  A deep elf annihilator (D)
  2 spark wasps (D)
  2 deep elf death magi (D)
  7 merfolk impalers (D)
  A death ooze (D)
  3 deep elf high priests (D)
  2 fire dragons (D)
  3 yaktaur captains (D)
  2 great orbs of eyes (D)
  3 naga warriors (D)
  5 hydras (D)
  25 vault guards (D)
  4 ice dragons (D)
  A spriggan air mage (D)
  A centaur warrior (D)
  A ghost crab (D)
  A merfolk aquamancer (D)
  A two-headed ogre (D)
  2 merfolk avatars (D)
  3 deep troll shamans (D)
  An anaconda (D)
  A deep troll earth mage (D)
  Nergalle (D)
  An orc high priest (D)
  Urug (D)
  A soul eater (D)
  6 swamp dragons (D)
  2 flayed ghosts (D)
  An unseen horror (shapeshifter) (D)
  5 orc knights (D)
  2 deep elf archers (D)
  A wizard (D)
  3 ironbrand convokers (D)
  5 ugly things (D)
  3 wolf spiders (D)
  4 orc sorcerers (D)
  2 mana vipers (D)
  15 moths of wrath (D)
  2 manticores (D)
  2 merfolk sirens (D)
  4 vault sentinels (D)
  4 naga magi (D)
  8 elephants (D)
  6 black mambas (D)
  A rust devil (D)
  3 guardian serpents (D)
  A spiny frog (D)
  A rime drake (D)
  3 freezing wraiths (D)
  7 yaktaurs (D)
  A komodo dragon (shapeshifter) (D)
  5 demonic crawlers (D)
  A kobold demonologist (D)
  A red devil (D)
  A troll (shapeshifter) (D)
  3 merfolk (D)
  A jumping spider (D)
  A wind drake (D)
  A hornet (D)
  2 blink frogs (D)
  A slime creature (D)
  A hippogriff (D)
  11 spriggans (D)
  A fire elemental (D)
  3 redbacks (D)
  A yak (D)
  A shadow (D)
  A tarantella (shapeshifter) (D)
  Grum (D)
  A hungry ghost (D)
  A soldier ant (shapeshifter) (D)
  A naga (D)
  3 hell hounds (D)
  A warg (D)
  3 water moccasins (D)
  An acid dragon (D)
  3 porcupines (D)
  2 swamp drakes (D)
  10 orc warriors (D)
  An ice beast (D)
  A boggart (D)
  2 ogres (D)
  4 wolves (D)
  A centaur (D)
  A crocodile (D)
  A big kobold (D)
  5 bullfrogs (D)
  3 crimson imps (D)
  A small abomination (D)
  5 orc priests (D)
  A hound (D)
  6 orc wizards (D)
  A shadow imp (D)
  An ooze (D)
  An adder skeleton (D)
  14 orcs (D)
  A ball python (D)
  A bat (D)
  2 bat skeletons (D)
  A bat zombie (D)
  A giant cockroach (D)
  A goblin (D)
  A ball python skeleton (D)
  A quokka skeleton (D)
450 creatures vanquished.

Vanquished Creatures (others)
  2 merfolk javelineers (D)
  A spriggan druid (D)
  A deep elf mage (D)
  A spiny frog (D)
  An insubstantial wisp (D)
  2 swamp drakes (D)
  A briar patch (D)
9 creatures vanquished.

Grand Total: 459 creatures vanquished

Notes
Turn   | Place    | Note
-------+----------+-------------------------------------------
     0 | D        | potatolord6000 the Gargoyle Fighter began the quest for the Orb.
     0 | D        | Reached XP level 1. HP: 14/14 MP: 1/1
     7 | D        | Reached XP level 2. HP: 20/20 MP: 2/2
    27 | D        | Noticed a crimson imp
    27 | D        | Noticed an ice beast
    46 | D        | Killed an ice beast
    46 | D        | Reached skill level 5 in Fighting
    46 | D        | Reached skill level 5 in Shields
    46 | D        | Reached XP level 3. HP: 26/27 MP: 3/3
    46 | D        | Reached XP level 4. HP: 31/32 MP: 4/4
    64 | D        | Reached skill level 5 in Maces & Flails
    64 | D        | Reached XP level 5. HP: 37/37 MP: 5/5
    70 | D        | Found a roughly hewn altar of Beogh.
    70 | D        | Found a snail-covered altar of Cheibriados.
    70 | D        | Found a shadowy altar of Dithmenos.
    70 | D        | Found a white marble altar of Elyvilon.
    70 | D        | Found a blossoming altar of Fedhas.
    70 | D        | Found an opulent altar of Gozag.
    71 | D        | Found a hazy altar of Hepliaklqana.
    72 | D        | Found a viscous altar of Jiyva.
    73 | D        | Found an ancient bone altar of Kikubaaqudgha.
    74 | D        | Found a corrupted altar of Lugonu.
    75 | D        | Found a burning altar of Makhleb.
    76 | D        | Found a sparkling altar of Nemelex Xobeh.
    77 | D        | Found an iron altar of Okawaru.
    78 | D        | Became a worshipper of Gozag Ym Sagoz the Greedy
    79 | D        | Found a stormy altar of Qazlal.
    80 | D        | Found a sacrificial altar of Ru.
    81 | D        | Found a deep blue altar of Sif Muna.
    82 | D        | Found a bloodstained altar of Trog.
    83 | D        | Found a hide-covered altar of Uskayaw.
    84 | D        | Found a radiant altar of Vehumet.
    86 | D        | Found a shimmering altar of Xom.
    87 | D        | Found a basalt altar of Yredelemnul.
    88 | D        | Found a glowing silver altar of Zin.
    89 | D        | Found a glowing golden altar of the Shining One.
   143 | D        | Noticed an ogre
   143 | D        | Noticed an ogre
   143 | D        | Noticed a hungry ghost
   151 | D        | Killed a hungry ghost
   151 | D        | Reached XP level 6. HP: 44/44 MP: 6/6
   160 | D        | Reached XP level 7. HP: 50/50 MP: 7/7
   212 | D        | Noticed a shadow
   234 | D        | Killed a shadow
   383 | D        | Gained mutation: Potions are less effective at restoring your health. [potion of mutation]
   383 | D        | Gained mutation: You have a pair of small horns on your head. [potion of mutation]
   383 | D        | Gained mutation: You have supernaturally acute eyesight. (SInv) [potion of mutation]
   392 | D        | Noticed a spiny frog
   395 | D        | Noticed a yak
   399 | D        | Reached skill level 10 in Armour
   399 | D        | Reached XP level 8. HP: 57/57 MP: 8/8
   403 | D        | Reached skill level 10 in Fighting
   403 | D        | Reached skill level 10 in Shields
   405 | D        | Noticed a black mamba
   421 | D        | Killed a spiny frog
   436 | D        | Killed a yak
   436 | D        | Reached skill level 10 in Maces & Flails
   436 | D        | Reached XP level 9. HP: 36/64 MP: 9/9
   445 | D        | Killed a black mamba
   581 | D        | Noticed a black mamba
   581 | D        | Noticed a black mamba
   587 | D        | Killed a black mamba
   604 | D        | Killed a black mamba
   621 | D        | Reached XP level 10. HP: 34/72 MP: 10/10
   856 | D        | Noticed an elephant
   856 | D        | Noticed an elephant
   856 | D        | Noticed an elephant
   856 | D        | Noticed an elephant
   856 | D        | Noticed an elephant
   856 | D        | Noticed an elephant
   864 | D        | Noticed an elephant
   864 | D        | Killed an elephant
   874 | D        | Killed an elephant
   880 | D        | Killed an elephant
   881 | D        | Noticed an elephant
   889 | D        | Killed an elephant
   894 | D        | Killed an elephant
   902 | D        | Killed an elephant
   911 | D        | Killed an elephant
   917 | D        | Killed an elephant
   968 | D        | Bought a +6 ring of protection for 1014 gold pieces
   968 | D        | Bought the ring "Wyxtomur" {+Fly MR+ Dex+4 Slay+3} for 664 gold pieces
   968 | D        | Bought the amulet "Myluh" {Reflect rF+ SH+5} for 717 gold pieces
  1173 | D        | Reached XP level 11. HP: 80/80 MP: 11/11
  1179 | D        | Noticed Grum
  1181 | D        | Noticed Urug
  1187 | D        | Killed Grum
  1203 | D        | Killed Urug
  1374 | D        | Bought a glowing hat for 224 gold pieces
  1398 | D        | Noticed an orc knight
  1411 | D        | Noticed an orc knight
  1416 | D        | Killed an orc knight
  1432 | D        | Killed an orc knight
  1445 | D        | Reached skill level 15 in Armour
  1449 | D        | Reached skill level 15 in Fighting
  1508 | D        | Bought a runed plate armour for 832 gold pieces
  1552 | D        | Found Giub's Antique Armour Boutique.
  1552 | D        | Noticed an orc knight
  1552 | D        | Noticed an orc knight
  1553 | D        | Noticed an orc sorcerer
  1554 | D        | Noticed an orc sorcerer
  1556 | D        | Found Viumei Veewk's Magic Scroll Shop.
  1562 | D        | Killed an orc knight
  1562 | D        | Reached skill level 15 in Shields
  1569 | D        | Noticed a sun demon
  1569 | D        | Killed an orc knight
  1574 | D        | Killed an orc sorcerer
  1581 | D        | Killed an orc sorcerer
  1582 | D        | Found Itaugo Xag's Armour Boutique.
  1583 | D        | Noticed an orc sorcerer
  1586 | D        | Found Vup Wong's Weapon Shop.
  1589 | D        | Noticed an orc sorcerer
  1591 | D        | Killed an orc sorcerer
  1600 | D        | Killed an orc sorcerer
  1602 | D        | Noticed an orc high priest
  1603 | D        | Noticed a sixfirhy
  1619 | D        | Killed an orc high priest
  1668 | D        | Bought a pair of runed boots for 217 gold pieces
  1672 | D        | Bought the cursed +0 cloak of Bosoidyr {+Blink Dex+3} for 305 gold pieces
  1678 | D        | Bought a scroll of enchant weapon for 105 gold pieces
  1718 | D        | Bought a potion of mutation for 96 gold pieces
  1718 | D        | Lost mutation: Potions are less effective at restoring your health. [potion of mutation]
  1718 | D        | Lost mutation: You have a pair of small horns on your head. [potion of mutation]
  1718 | D        | Gained mutation: Your magical capacity is low. (-10% MP) [potion of mutation]
  1718 | D        | Gained mutation: Your body sometimes deteriorates upon taking damage. [potion of mutation]
  1718 | D        | Gained mutation: You evolve. [potion of mutation]
  1739 | D        | Gained mutation: You have sharp toenails. [evolution]
  1828 | D        | Got the +4 chain mail of Sunlight {*Slow Str+2 Int+3 Dex+3}
  1870 | D        | Lost mutation: You evolve. [potion of mutation]
  1870 | D        | Lost mutation: Your magical capacity is low. (-10% MP) [potion of mutation]
  1870 | D        | Lost mutation: You have sharp toenails. [potion of mutation]
  1870 | D        | Gained mutation: You evolve. [potion of mutation]
  1870 | D        | Gained mutation: You rapidly evolve. [potion of mutation]
  1870 | D        | Gained mutation: Your mind is acute. (Int +2) [potion of mutation]
  1876 | D        | Noticed a manticore
  1876 | D        | Noticed a purple ugly thing
  1876 | D        | Noticed a two-headed ogre
  1883 | D        | Killed a two-headed ogre
  1883 | D        | Reached XP level 12. HP: 88/88 MP: 10/12
  1885 | D        | Noticed a frost giant
  1897 | D        | Noticed a stone giant
  1899 | D        | Noticed a fire giant
  1906 | D        | Killed a frost giant
  1916 | D        | Reached skill level 15 in Maces & Flails
  1917 | D        | Noticed a purple very ugly thing
  1936 | D        | Killed a stone giant
  1945 | D        | Killed a fire giant
  1954 | D        | Killed a white very ugly thing
  2025 | D        | Bought a scroll of identify for 30 gold pieces
  2025 | D        | Bought a scroll of identify for 30 gold pieces
  2025 | D        | Bought a scroll of identify for 30 gold pieces
  2138 | D        | Noticed a spark wasp
  2141 | D        | Killed a spark wasp
  2143 | D        | Noticed an entropy weaver
  2146 | D        | Noticed an emperor scorpion
  2200 | D        | Killed an entropy weaver
  2200 | D        | Reached XP level 13. HP: 94/96 MP: 13/13
  2256 | D        | Killed an emperor scorpion
  2491 | D        | Noticed a thorn hunter
  2491 | D        | Noticed a thorn hunter
  2497 | D        | Killed a thorn hunter
  2504 | D        | Killed a thorn hunter
  2695 | D        | Bought the +3 crown of Dyrovepreva {rElec Int+2 SInv} for 414 gold pieces
  2739 | D        | Noticed Rupert
  2746 | D        | Noticed Saint Roka
  2760 | D        | Killed Rupert
  2779 | D        | Killed Saint Roka
  2856 | D        | Bought the +2 cloak "Reaqa" {*Contam rPois Str+4} for 285 gold pieces
  2981 | D        | Noticed an ice dragon
  2981 | D        | Noticed a frost giant
  2990 | D        | Killed a frost giant
  2990 | D        | Gained mutation: Your large and strong wings let you fly indefinitely. [Gargoyle growth]
  2990 | D        | Reached XP level 14. HP: 97/106 MP: 14/14
  3022 | D        | Noticed a frost giant
  3036 | D        | Killed a frost giant
  3071 | D        | Noticed a purple very ugly thing
  3073 | D        | Noticed a tengu reaver
  3075 | D        | Noticed a vampire knight
  3078 | D        | Noticed a frost giant
  3080 | D        | Killed a purple very ugly thing
  3095 | D        | Killed a tengu reaver
  3099 | D        | Killed a vampire knight
  3108 | D        | Killed a frost giant
  3254 | D        | Bought the +6 chain mail of Sovereignty {rN+ Dex+6 Slay+5 Stlth-} for 779 gold pieces
  3341 | D        | Gained mutation: You possess an exceptional clarity of mind. [evolution]
  3397 | D        | Noticed a vault warden
  3397 | D        | Noticed an ironheart preserver
  3407 | D        | Killed an ironheart preserver
  3414 | D        | Killed a vault warden
  3417 | D        | Noticed an ironheart preserver
  3434 | D        | Noticed a stone giant
  3437 | D        | Killed an ironheart preserver
  3458 | D        | Killed a stone giant
  3471 | D        | Noticed an ironheart preserver
  3489 | D        | Killed an ironheart preserver
  3579 | D        | Noticed Louise
  3592 | D        | Killed Louise
  3592 | D        | Reached XP level 15. HP: 114/115 MP: 15/15
  3593 | D        | Noticed a tengu reaver
  3594 | D        | Noticed a tengu reaver
  3595 | D        | Noticed Sojobo
  3597 | D        | Noticed Azrael
  3602 | D        | Killed a tengu reaver
  3608 | D        | Killed a tengu reaver
  3617 | D        | Killed Sojobo
  3625 | D        | Killed Azrael
  3669 | D        | Bought a glowing large shield for 270 gold pieces
  3716 | D        | Noticed Agnes
  3723 | D        | Killed Agnes
  3735 | D        | Noticed Xtahua
  3745 | D        | Killed Xtahua
  3996 | D        | Got a decaying rune of Zot
  4026 | D        | Noticed a nagaraja
  4026 | D        | Noticed a nagaraja
  4027 | D        | Noticed a nagaraja
  4027 | D        | Noticed a nagaraja
  4040 | D        | Killed a nagaraja
  4046 | D        | Killed a nagaraja
  4056 | D        | Killed a nagaraja
  4060 | D        | Killed a nagaraja
  4087 | D        | Noticed a nagaraja
  4099 | D        | Killed a nagaraja
  4099 | D        | Reached XP level 16. HP: 97/125 MP: 16/16
  4108 | D        | Got a serpentine rune of Zot
  4144 | D        | Noticed Ilsuiw
  4176 | D        | Killed Ilsuiw
  4247 | D        | Got a barnacled rune of Zot
  4387 | D        | Got a gossamer rune of Zot
  4428 | D        | Noticed Nergalle
  4435 | D        | Killed Nergalle
  4457 | D        | Noticed Frederick
  4472 | D        | Killed Frederick
  4742 | D        | Reached XP level 17. HP: 136/136 MP: 17/17
  4918 | D        | Lost mutation: You rapidly evolve. [decline of evolution]
  5025 | D        | Noticed a golden dragon
  5025 | D        | Noticed a titan
  5036 | D        | Noticed a golden dragon
  5046 | D        | Killed a titan
  5056 | D        | Killed a golden dragon
  5068 | D        | Reached skill level 27 in Fighting
  5068 | D        | Reached skill level 27 in Armour
  5068 | D        | Reached skill level 27 in Shields
  5085 | D        | Killed a golden dragon
  5085 | D        | Reached skill level 5 in Stealth
  5098 | D        | Got a silver rune of Zot
  5131 | D        | Noticed Boris
  5140 | D        | Killed Boris
  5483 | D        | Got the amulet of Peace {Gourm MP+9}
  5485 | D        | Got the amulet "Didaub Tora" {RegenMP rN+ Str+3}
  5487 | D        | Got the amulet of Oshepedu {Faith MR+ Dex+2}
  5489 | D        | Got the amulet "Fuod" {Regen+ Int+3}
  5491 | D        | Got the amulet "Cosuss" {+Rage MR- Str+5 Dex+4}
  5596 | D        | Noticed Nikola
  5604 | D        | Noticed Aizul
  5609 | D        | Killed Nikola
  5620 | D        | Killed Aizul
  5620 | D        | Reached skill level 10 in Stealth
  5719 | D        | Reached XP level 18. HP: 137/145 MP: 18/18
  5753 | D        | Noticed a bone dragon
  5753 | D        | Noticed a bone dragon
  5770 | D        | Killed a bone dragon
  5786 | D        | Killed a bone dragon
  5786 | D        | Reached skill level 10 in Dodging
  5810 | D        | Reached skill level 27 in Maces & Flails
  5821 | D        | Reached skill level 15 in Stealth
  6148 | D        | Noticed a tentacled monstrosity
  6180 | D        | Killed a tentacled monstrosity
  6236 | D        | Reached skill level 15 in Dodging
  6317 | D        | Noticed a golden dragon
  6372 | D        | Killed a golden dragon
  6525 | D        | Noticed an Orb Guardian
  6525 | D        | Noticed an Orb Guardian
  6525 | D        | Noticed an Orb Guardian
  6525 | D        | Noticed an Orb Guardian
  6525 | D        | Noticed an Orb Guardian
  6525 | D        | Noticed an Orb Guardian
  6526 | D        | Noticed an Orb Guardian
  6537 | D        | Killed an Orb Guardian
  6548 | D        | Killed an Orb Guardian
  6556 | D        | Killed an Orb Guardian
  6556 | D        | Reached XP level 19. HP: 135/151 MP: 19/19
  6619 | D        | Noticed a tentacled monstrosity
  6835 | D        | Killed a tentacled monstrosity
  6872 | D        | Reached skill level 27 in Stealth
  6895 | D        | Noticed an ancient lich
  6899 | D        | Killed an ancient lich
  6902 | D        | Noticed an orb of fire
  6908 | D        | Killed an orb of fire
  6911 | D        | Noticed an electric golem
  6920 | D        | Noticed a golden dragon
  6937 | D        | Noticed an orb of fire
  6953 | D        | Killed an electric golem
  6964 | D        | Killed an orb of fire
  6972 | D        | Killed a golden dragon
  7000 | D        | Noticed an ancient lich
  7007 | D        | Killed an ancient lich
  7007 | D        | Reached XP level 20. HP: 92/157 MP: 4/20
  7010 | D        | Noticed a golden dragon
  7012 | D        | Noticed an ancient lich
  7015 | D        | Noticed a Killer Klown
  7017 | D        | Noticed an electric golem
  7043 | D        | Killed an ancient lich
  7043 | D        | Reached skill level 27 in Dodging
  7051 | D        | Killed a golden dragon
  7057 | D        | Killed a Killer Klown
  7057 | D        | Reached skill level 5 in Unarmed Combat
  7076 | D        | Killed an electric golem
  7076 | D        | Reached skill level 5 in Throwing
  7076 | D        | Reached skill level 5 in Spellcasting
  7076 | D        | Reached skill level 5 in Evocations
  7308 | D        | Reached skill level 10 in Unarmed Combat
  7328 | D        | Reached skill level 10 in Throwing
  7328 | D        | Reached skill level 10 in Spellcasting
  7328 | D        | Reached skill level 10 in Evocations
  7374 | D        | Bought the +2 pair of boots of the Assassin {Detection Stab+ Stlth++} for 1020 gold pieces
  7374 | D        | Bought the +5 hat "Houcaf" {Str+3 Dex+4} for 861 gold pieces
  7426 | D        | Lost mutation: Your body sometimes deteriorates upon taking damage. [evolution]
  7671 | D        | Got the Orb of Zot
  7756 | D        | Noticed an ancient lich
  7765 | D        | Noticed an ancient lich
  7765 | D        | Killed an ancient lich
  7787 | D        | Killed an ancient lich
  7843 | D        | Reached XP level 21. HP: 163/163 MP: 38/38
  7911 | D        | Reached skill level 15 in Unarmed Combat
  7986 | D        | HP: 7/163 [balrug/divine providence[a deep elf demonologist] (14)]
  8003 | D        | Reached skill level 15 in Throwing
  8003 | D        | Reached skill level 15 in Spellcasting
  8003 | D        | Reached skill level 15 in Evocations
  8014 | D        | Got an elven rune of Zot
  8034 | D        | Noticed Noumis the pandemonium lord
  8054 | D        | Killed Noumis the pandemonium lord
  8089 | D        | Noticed the Royal Jelly
  8169 | D        | Splashed by an acid blob's acid

Skill      XL: |  1  2  3  4  5  6  7  8  9 10 11 12 13 14 15 16 17 18 19 20 21 |
---------------+----------------------------------------------------------------+-----
Fighting       | 4 5 6 8 9 11 12 14 15 17 19 21 23 25 27 | 27.0
Armour         | 4 6 8 10 11 12 14 15 17 19 21 23 25 27 | 27.0
Shields        | 5 6 8 9 11 12 14 15 17 19 21 23 25 27 | 27.0
Maces & Flails | 4 5 6 7 8 10 11 12 14 16 18 20 21 23 26 27 | 27.0
Dodging        | 8 17 26 27 | 27.0
Stealth        | 12 23 27 | 27.0
Throwing       | 13 16 | 16.3
Unarmed Combat | 14 17 | 17.5
Spellcasting   | 13 16 | 16.3
Evocations     | 13 16 | 16.3

Action                   |  1- 3 |  4- 6 |  7- 9 | 10-12 | 13-15 | 16-18 | 19-21 || total
-------------------------+-------+-------+-------+-------+-------+-------+-------++-------
Melee: Flail             |    33 |    18 |       |       |       |       |       ||    51
       Morningstar       |       |    15 |   123 |   373 |   527 |   851 |   509 ||  2398
       Headbutt          |       |       |    19 |    63 |       |       |       ||    82
Invok: Call Merchant     |       |       |     1 |     4 |     4 |     6 |     3 ||    18
       Potion Petition   |       |       |       |     1 |     1 |       |       ||     2
 Abil: Fly               |       |       |       |       |     1 |       |       ||     1
  Use: Potion            |     2 |     1 |     1 |     5 |     4 |       |    10 ||    23
       Scroll            |       |       |     2 |     7 |     1 |     4 |       ||    14
 Stab: Distracted        |       |       |     3 |     7 |    12 |    13 |    15 ||    50
       Sleeping          |       |       |       |       |       |     2 |     6 ||     8
  Eat: Bread ration      |       |       |     2 |       |       |       |       ||     2
       Meat ration       |       |       |       |       |     2 |     2 |     1 ||     5
Armor: Scale mail        |    11 |     4 |       |       |       |       |       ||    15
       Chain mail        |       |     9 |    49 |    84 |   123 |   165 |    67 ||   497
       Plate armour      |       |       |       |    12 |       |       |       ||    12
Dodge: Dodged            |    11 |     6 |    17 |    45 |    52 |   101 |   112 ||   344
Block: Shield            |    11 |    19 |    71 |   232 |   280 |       |       ||   613
       Reflection        |       |       |       |       |     9 |    20 |     6 ||    35
       Large shield      |       |       |       |       |   117 |   724 |   455 ||  1296
